 Dungeon Crawl Stone Soup version 0.20-a0-795-ga03948b (webtiles) character file.

4369 Klosterheim the Basher (level 10, -6/104 HPs)
             Began as an Ogre Skald on Mar 1, 2017.
             Was a Believer of Cheibriados.
             Mangled by a troll (16 damage)
             ... on level 9 of the Dungeon.
             The game lasted 00:23:35 (11619 turns).

Klosterheim the Basher (Ogre Skald)                Turns: 11619, Time: 00:23:35

Health: -6/104     AC:  5    Str: 28    XL:     10   Next: 34%
Magic:  3/13       EV: 13    Int: 21    God:    Cheibriados [**....]
Gold:   0          SH:  0    Dex: 12    Spells: 5/13 levels left

rFire    . . .     SeeInvis .   z - +1 giant spiked club
rCold    . . .     Gourm    .   b - +1 robe
rNeg     . . .     Faith    .   (shield currently unavailable)
rPois    .         Spirit   .   (helmet restricted)
rElec    .         Reflect  .   g - +0 cloak
rCorr    .         Harm     .   (gloves unavailable)
MR       +....                  (boots unavailable)
Stlth    +.........             (no amulet)
Regen    1.3/turn               y - +3 ring of evasion
MPRegen  0.2/turn               w - +2 ring of strength

@: mighty, very slightly contaminated, regenerating, very slow
A: unfitting armour, tough skin 1
a: Bend Time, Renounce Religion


You were on level 9 of the Dungeon.
You worshipped Cheibriados.
Cheibriados was pleased with you.
You were not hungry.

You visited 2 branches of the dungeon, and saw 10 of its levels.

Inventory:

Hand Weapons
 z - a +1 giant spiked club (weapon)
Armour
 b - a +1 robe (worn)
 g - a +0 cloak (worn)
Jewellery
 w - a +2 ring of strength (left hand)
 y - a +3 ring of evasion (right hand)
Wands
 l - a wand of iceblast (7/15)
Scrolls
 f - 2 scrolls of recharging
 h - 4 scrolls of remove curse
 o - a scroll of identify
 q - a scroll of enchant weapon
 u - 5 scrolls of teleportation
 v - 4 scrolls of amnesia
Potions
 e - 3 potions of curing
 i - a potion of brilliance
 j - 2 potions of lignification {unknown}
 n - a potion of ambrosia
 t - 2 potions of mutation
 A - a potion of haste
 D - a potion of flight {unknown}
Books
 c - a book of Battle

   Spells                             Type                      Level
   a - Infusion                       Charms                       1
   b - Shroud of Golubria             Charms/Translocation         2
   c - Song of Slaying                Charms                       2
   d - Spectral Weapon                Hexes/Charms                 3
   e - Regeneration                   Charms/Necromancy            3
 m - a book of Clouds

   Spells                             Type                      Level
   a - Poisonous Vapours              Poison/Air                   2
   b - Mephitic Cloud                 Conjuration/Poison/Air       3
   c - Conjure Flame                  Conjuration/Fire             3
   d - Freezing Cloud                 Conjuration/Ice/Air          6
   e - Ring of Flames                 Charms/Fire                  7
 B - a book of Cantrips

   Spells                             Type                      Level
   a - Confusing Touch                Hexes                        1
   b - Animate Skeleton               Necromancy                   1
   c - Summon Small Mammal            Summoning                    1
   d - Apportation                    Translocation                1
 C - a book of Geomancy

   Spells                             Type                      Level
   a - Sandblast                      Earth                        1
   b - Passwall                       Transmutation/Earth          2
   c - Stone Arrow                    Conjuration/Earth            3
   d - Petrify                        Transmutation/Earth          4
   e - Lee's Rapid Deconstruction     Earth                        5
Comestibles
 d - 6 bread rations
 p - 4 meat rations


   Skills:
 - Level 8.0 Fighting
 * Level 10.3 Maces & Flails
 - Level 2.1 Dodging
 - Level 2.4 Spellcasting
 - Level 2.2 Hexes
 + Level 6.8 Charms
 - Level 0.1 Necromancy
 - Level 2.2 Translocations


You had 5 spell levels left.
You knew the following spells:

 Your Spells              Type           Power        Failure   Level  Hunger
a - Regeneration          Chrm/Necr      ###.......   12%         3    ###....
b - Shroud of Golubria    Chrm/Tloc      ###.......   3%          2    ##.....
c - Spectral Weapon       Hex/Chrm       ###.....     10%         3    ###....


Dungeon Overview and Level Annotations

Branches:
Dungeon (9/15)             Temple (1/1) D:6
   Lair: D:8-11         Orc: D:9-12

Altars:
Ashenzari
Cheibriados
Dithmenos
Elyvilon
Fedhas
Gozag
Kikubaaqudgha
Makhleb
Nemelex Xobeh
Okawaru
Qazlal
Ru
Sif Muna
Trog
Uskayaw
Vehumet
Wu Jian
Xom
Zin
Beogh

Shops:
D:8 [

Annotations:
D:7 4 runed doors, Menkaure
D:8 Maurice


Innate Abilities, Weirdness & Mutations

You are too large for most types of armour.
You have tough skin. (AC +1)


Message History

You completely miss the troll.
Your spectral weapon closely misses the troll.
The troll bites you!
* * * LOW HITPOINT WARNING * * *
The troll claws you!
* * * LOW HITPOINT WARNING * * *
The troll claws you!
* * * LOW HITPOINT WARNING * * *
You closely miss the troll.
Your spectral weapon closely misses the troll.
The troll bites you.
* * * LOW HITPOINT WARNING * * *
The troll claws you but does no damage. The troll closely misses you.
The troll bites you.
* * * LOW HITPOINT WARNING * * *
The troll claws you but does no damage. The troll barely misses you.
Okay, then.
You feel very mighty all of a sudden. The troll bites you!
You die...

### #####'# #.....#
##'#######
#....<...# ###+#
#........#
.....z####........#
.....zzT(#........#
...z..##@'........#
..... ###........+
#+## #.?......#
###+######


You could see a troll, 3 wights and a friendly spectral giant spiked club.

Vanquished Creatures
  Erica (D:8)
  The ghost of Bodrick the Cleaver, a novice FoFi of Wu Jian (D:8)
  Pikel (D:7)
  Eustachio (D:6)
  A hungry ghost (D:7)
  Grum (D:8)
  A water moccasin (D:8)
  An ice beast (D:8)
  A slave (D:7)
  A centaur (D:6)
  3 ogres
  2 wolves (D:8)
  A phantom (D:8)
  Blork the orc (D:5)
  2 scorpions
  A howler monkey (D:8)
  3 crimson imps
  3 bullfrog zombies
  5 hounds
  6 orc priests
  2 jellies (D:5)
  2 orc wizards
  A bullfrog skeleton (D:5)
  A centaur skeleton (D:7)
  2 iguanas
  Natasha (thrice) (D:2)
  5 worker ants
  A killer bee zombie (D:7)
  A hound zombie (D:8)
  2 hound skeletons
  A worker ant zombie (D:6)
  Robin (D:3)
  8 gnolls
  A howler monkey skeleton (D:4)
  9 adders
  4 shadow imps
  4 oozes
  3 adder skeletons
  2 worms
  5 dart slugs
  8 leopard geckos
  23 orcs
  A ball python (D:1)
  4 bats
  4 giant cockroaches
  10 hobgoblins
  7 jackals
  8 kobolds
  6 quokkas
  2 frilled lizards
  18 goblins
  A jackal skeleton (D:6)
  A quokka skeleton (D:7)
  2 rats (D:1)
190 creatures vanquished.

Vanquished Creatures (others)
  4 spectral weapons
4 creatures vanquished.

Grand Total: 194 creatures vanquished

Notes
Turn   | Place    | Note
-------+----------+-------------------------------------------
     0 | D:1      | Klosterheim the Ogre Skald began the quest for the Orb.
     0 | D:1      | Reached XP level 1. HP: 22/22 MP: 3/3
   106 | D:1      | Reached skill level 2 in Maces & Flails
   211 | D:1      | Reached XP level 2. HP: 23/31 MP: 5/5
   841 | D:1      | Reached XP level 3. HP: 37/37 MP: 6/6
  1097 | D:2      | Reached skill level 3 in Maces & Flails
  1443 | D:2      | Reached XP level 4. HP: 34/48 MP: 7/7
  1611 | D:2      | Noticed Natasha
  1616 | D:2      | Killed Natasha
  1971 | D:2      | Reached XP level 5. HP: 46/55 MP: 8/8
  2108 | D:2      | Noticed Natasha
  2119 | D:2      | Killed Natasha
  2119 | D:2      | Reached skill level 4 in Maces & Flails
  2190 | D:2      | Found a glowing silver altar of Zin.
  2298 | D:2      | Noticed Natasha
  2310 | D:2      | Killed Natasha
  2310 | D:2      | Reached skill level 5 in Fighting
  2612 | D:3      | Reached XP level 6. HP: 62/66 MP: 9/9
  2633 | D:3      | Learned a level 2 spell: Shroud of Golubria
  2744 | D:3      | Noticed Robin
  3071 | D:3      | Found a faded altar of an unknown god.
  3618 | D:3      | Found a radiant altar of Vehumet.
  3618 | D:3      | Found a white marble altar of Elyvilon.
  3682 | D:3      | Found an opulent altar of Gozag.
  3789 | D:3      | Reached skill level 5 in Maces & Flails
  3876 | D:3      | Found an iron altar of Okawaru.
  3976 | D:3      | Killed Robin
  4160 | D:4      | Reached skill level 1 in Translocations
  4160 | D:4      | Reached XP level 7. HP: 53/74 MP: 0/10
  4448 | D:4      | Found a roughly hewn altar of Beogh.
  4710 | D:4      | You fall through a shaft!
  4710 | D:5      | Entered Level 5 of the Dungeon
  5018 | D:5      | Learned a level 3 spell: Spectral Weapon
  6014 | D:6      | Noticed Blork the orc
  6036 | D:5      | HP: 3/75 [Blork the orc/puff of flame (10)]
  6042 | D:5      | Killed Blork the orc
  6291 | D:5      | Reached skill level 1 in Hexes
  6291 | D:5      | Reached XP level 8. HP: 77/84 MP: 11/11
  6356 | D:5      | Reached skill level 6 in Maces & Flails
  6810 | D:6      | Found a staircase to the Ecumenical Temple.
  6831 | Temple   | Entered the Ecumenical Temple
  6921 | Temple   | Became a worshipper of Cheibriados the Contemplative
  6969 | D:6      | Noticed Eustachio
  6985 | D:6      | Killed Eustachio
  8209 | D:7      | Learned a level 1 spell: Confusing Touch
  8241 | D:7      | Reached * piety under Cheibriados
  8241 | D:7      | Reached skill level 7 in Maces & Flails
  8320 | D:7      | Learned a level 3 spell: Regeneration
  8327 | D:7      | Found a huge runed gate.
  8327 | D:7      | Found a huge runed gate.
  8327 | D:7      | Found a huge runed gate.
  8327 | D:7      | Found a huge runed gate.
  8327 | D:7      | Noticed a polar bear
  8327 | D:7      | Noticed a hippogriff
  8327 | D:7      | Noticed a polar bear
  8327 | D:7      | Noticed a polar bear
  8327 | D:7      | Noticed a yak
  8327 | D:7      | Noticed a hippogriff
  8327 | D:7      | Noticed Menkaure
  8328 | D:7      | Noticed a hippogriff
  8328 | D:7      | Noticed a hippogriff
  8552 | D:7      | Reached XP level 9. HP: 89/96 MP: 4/12
  8870 | D:7      | Noticed Pikel
  8878 | D:7      | Killed Pikel
  8878 | D:7      | Reached skill level 8 in Maces & Flails
  8878 | D:7      | Reached skill level 5 in Charms
  9641 | D:8      | Noticed Grum
  9656 | D:8      | Killed Grum
  9795 | D:8      | Noticed Bodrick's ghost (novice FoFi)
  9803 | D:8      | Killed Bodrick's ghost
  9803 | D:8      | Reached skill level 9 in Maces & Flails
  9803 | D:8      | Reached XP level 10. HP: 104/104 MP: 5/13
 10242 | D:8      | Reached ** piety under Cheibriados
 10244 | D:8      | Noticed Erica
 10254 | D:8      | Noticed Maurice
 10257 | D:8      | Killed Erica
 10257 | D:8      | Reached skill level 10 in Maces & Flails
 10954 | D:8      | Found Nohan's Antique Armour Shoppe.
 11619 | D:9      | Mangled by a troll

Vault maps used:
D:1:      lightli_arrival_quake, kennysheep_boxes
D:2:      wad_woods_tower, zin_scriptorium, uniq_natasha
D:3:      minitemple, chequers_ecumenical_altar_simple_redux,
          serial_bayou_lagoon_a, okawaru_altar_gauntlet_db, uniq_robin
D:4:      grunt_decor_one_mirror, kennysheep_orc_chapel
D:5:      first_bread
D:6:      minmay_temple_entry_grid, nicolae_ossuary_entry_plus, minivault_5,
          uniq_blork_the_orc, uniq_eustachio
D:7:      lemuel_bear_cage, uniq_pikel, uniq_menkaure
D:8:      serial_shops, nicolae_shop_waterfront, uniq_erica, uniq_maurice,
          uniq_grum
D:9:      erik_lair_dragon, grunt_livestock, uniq_psyche
Temple:   eino_narrow_crystal_temple

Skill      XL: |  1  2  3  4  5  6  7  8  9 10 |
---------------+-------------------------------+-----
Fighting       | 3 4 5 6 7 8 |  8.0
Maces & Flails | 2 3 4 5 7 9 10 | 10.3
Charms         | 3 4 6 |  6.8
Translocations | 1 2 |  2.2
Hexes          | 1 2 |  2.2
Dodging        | |  2.1
Spellcasting   | |  2.4
Necromancy     | |  0.1

Action                   |  1- 3 |  4- 6 |  7- 9 | 10-12 || total
-------------------------+-------+-------+-------+-------++-------
Melee: Whip              |    80 |   252 |    67 |       ||   399
       Mace              |     4 |       |       |       ||     4
       Giant spiked club |       |       |   208 |    77 ||   285
 Cast: Infusion          |       |     4 |     2 |       ||     6
       Shroud of Golubri |       |     3 |    13 |     6 ||    22
       Spectral Weapon   |       |       |    13 |     6 ||    19
       Regeneration      |       |       |     8 |     6 ||    14
       Confusing Touch   |       |       |     2 |       ||     2
Invok: Bend Time         |       |       |       |     1 ||     1
  Use: Scroll            |       |    10 |    11 |     1 ||    22
       Potion            |       |       |     2 |     5 ||     7
 Stab: Distracted        |       |       |     1 |       ||     1
       Sleeping          |       |       |     1 |       ||     1
       Invisible         |       |       |       |     1 ||     1
  Eat: Chunk             |     1 |    10 |    11 |     2 ||    24
       Fruit             |       |       |     6 |       ||     6
       Royal jelly       |       |       |     2 |       ||     2
       Meat ration       |       |       |       |     1 ||     1
Armor: Robe              |    11 |    56 |    65 |    17 ||   149
Dodge: Dodged            |    47 |   113 |   269 |    53 ||   482
